 Dungeon Crawl Stone Soup version 0.31.0-1-g2c135a0 (webtiles) character file.

Game seed: 5298282050027435996

12812 mezmerelda the Fighter (level 11, -6/119 HPs)
             Began as a Troll Berserker on Feb 9, 2024.
             Was a High Priest of Trog.
             Mangled by an orc warlord
             ... wielding a +0 great sword
              (14 damage)
             ... on level 2 of the Orcish Mines.
             The game lasted 00:34:59 (8591 turns).

mezmerelda the Fighter (Troll Berserker)            Turns: 8591, Time: 00:34:59

Health: -6/119     AC: 14    Str: 35    XL:     11   Next: 67%
Magic:  10/10      EV:  8    Int:  5    God:    Trog [*****.]
Gold:   1078       SH:  0    Dex:  9    Spells: 10/10 levels left

rFire   + +          .
                       - Unarmed
rCold   x . .        (no shield)
rNeg    . . .        g - +0 fire dragon scales
rPois   .            x - +1 hat
rElec   .            k - +0 cloak
rCorr   .            (gloves unavailable)
SInv    .            (boots unavailable)
Will    +....        z - amulet of regeneration Stlth
                     q - +6 ring of strength
HPRegen 1.99/turn    o - ring of willpower
MPRegen 0.12/turn

%: no passive effects
@: on berserk cooldown, slowed, very slow
A: large, unfitting armour, claws 3, regeneration 1, shaggy fur 1, tough skin 1
a: Renounce Religion, Berserk, Trog's Hand, Brothers in Arms


You were on level 2 of the Orcish Mines.
You worshipped Trog.
Trog was extremely pleased with you.
You visited 3 branches of the dungeon, and saw 12 of its levels.
You visited the Abyss 1 time.

You collected 1078 gold pieces.

Inventory:

Hand Weapons
 p - a +2 morningstar
Missiles
 G - 3 throwing nets (quivered)
Armour
 g - +0 fire dragon scales (worn)
 k - a +0 cloak (worn)
 t - the +1 storm dragon scales of Zoysorph {*Corrode +Inv Fly rElec Slay+5}
   (You found it on level 5 of the Dungeon)

   Slay+5:    It affects your accuracy & damage with ranged weapons and melee
   (+5).
   rElec:     It insulates you from electricity.
   +Inv:      It lets you turn invisible.
   Fly:       It grants you flight.
   *Corrode:  It may corrode you when you take damage.
 x - a +1 hat (worn)
Jewellery
 a - a ring of willpower
 o - a ring of willpower (right claw)
 q - a +6 ring of strength (left claw)
 v - a +4 ring of protection
 z - an amulet of regeneration (around neck)
Wands
 i - a wand of iceblast (2)
 u - a wand of flame (21)
 y - a wand of paralysis (3)
 D - a wand of mindburst (17)
Scrolls
 c - 2 scrolls of blinking {unknown}
 d - 2 scrolls of fog {unknown}
 f - 4 scrolls of teleportation {unknown}
 j - 2 scrolls of revelation {unknown}
 m - 2 scrolls of fear {unknown}
 n - a scroll of amnesia {unknown}
 s - a scroll of enchant weapon {unknown}
 A - a scroll of torment {unknown}
 E - 2 scrolls of identify
Potions
 b - a potion of mutation
 h - 4 potions of lignification
 l - 2 potions of curing
 r - a potion of attraction {unknown}
 w - a potion of resistance {unknown}
 B - a potion of enlightenment {unknown}
 C - a potion of heal wounds
 F - a potion of brilliance {unknown}
Miscellaneous
 e - a tin of tremorstones (2/2)


   Skills:
 + Level 10.9 Fighting
 + Level 6.9 Armour
 - Level 2.4 Dodging
 - Level 10.0 Unarmed Combat
 - Level 5.0 Evocations


You had 10 spell levels left.
You didn't know any spells.
Your spell library was empty.

Dungeon Overview and Level Annotations

Branches:
Dungeon (9/15)             Temple (1/1) D:4            Lair (0/5) D:8
    Orc (2/2) D:9
    Elf: Orc:2

Altars:
Ashenzari
Cheibriados
Dithmenos
Elyvilon
Fedhas
Gozag
Hepliaklqana
Kikubaaqudgha
Makhleb
Nemelex Xobeh
Okawaru
Qazlal
Ru
Sif Muna
Trog
Vehumet
Xom
Yredelemnul
Zin
The Shining One

Shops:
Orc:1 *

Annotations:
D:4 2 runed translucent doors
Orc:2 exclusion: 2 doors


Innate Abilities, Weirdness & Mutations

You are too large for most types of armour.
You have claws for hands.
Your natural rate of healing is unusually fast.
You are covered in fur. (AC +1)
You have tough skin. (AC +1)


Message History

You claw the orc knight!
The orc knight is almost dead.
An orc knight comes into view. It is wielding a +0 great sword.
You mangle the orc knight!!
You kill the orc knight!
Trog accepts your kill.
Your life force feels restored.
An orc warlord comes into view. It is wielding a +0 great sword.
The orc warlord shouts!
You hear a shout!
You hear a howl!
The orc knight hits you with a +0 great sword!
Items here: ))) [ †.
You mangle the orc knight!!
The orc knight is heavily wounded.
You barely miss the orc knight.
The orc knight is heavily wounded.
The orc knight hits you with a +0 great sword!!
You closely miss the orc knight.
The orc knight is heavily wounded.
You mangle the orc knight!!
The orc knight is almost dead.
The orc warlord no longer looks unusually strong.
The orc knight hits you with a +0 great sword!!
You mangle the orc knight!!
You kill the orc knight!
Trog accepts your kill.
You are no longer berserk.
You are exhausted.
You feel yourself slow down.
Things that are here:
a +0 robe; a +0 dagger; an orc corpse The orc warlord hits you with a +0 great sword!!
The orc warlord hits you with a +0 great sword!
The orc warlord attacks as it pursues you!
The orc warlord hits you with a +0 great sword!!
* * * LOW HITPOINT WARNING * * *
There is a stone staircase leading up, spattered with blood here.
The orc warlord hits you with a +0 great sword!!
* * * LOW HITPOINT WARNING * * *
The orc warlord hits you with a +0 great sword!
You die...

## #.......#.#.........#
#.......#####........#
#........#######......# ###
#...........#.......#..## ##.#
....................#..## ##...
........###........##....###....
......... ##........##....#...#.
......# #.^..).#..##.......#..
.. ##...@#.###...#.......
P..####...o[.###.......#..
...P.####.#....##.......##
..P...# #.##............##
.......#####K..##......##
...........)...........#
.....#................## ...
########++######## .


You could see an orc warlord and a kobold blastminer.

Vanquished Creatures
  A two-headed ogre (D:8)
  An orc high priest (Orc:1)
  A thrashing horror (Abyss:1)
  3 orc knights
  2 orc sorcerers
  3 kobold blastminers
  A large abomination (Abyss:2)
  Maggie (D:6)
  3 trolls
  A hornet (D:9)
  2 raiju (Abyss:1)
  5 yaks (D:9)
  Menkaure (D:7)
  2 steam dragons (D:8)
  An acid dragon (D:8)
  6 water moccasins
  2 ice beasts
  2 black bears
  7 orc warriors
  4 ogres
  A sky beast (D:7)
  3 wolves (D:8)
  4 centaurs
  2 kobold brigands (D:8)
  Blork the orc (D:4)
  5 bullfrogs
  A gnoll sergeant (D:9)
  5 scorpions
  5 wights
  3 electric eels (D:8)
  2 bombardier beetles
  9 hounds
  5 orc priests
  2 jellies
  A gnoll bouda (D:8)
  2 iguanas
  Ijyb (D:4)
  Natasha (thrice) (D:3)
  11 orc wizards
  8 adders
  7 gnolls
  2 shadow imps
  A white imp (D:4)
  4 dart slugs
  3 ribbon worms
  33 orcs
  5 bats
  10 endoplasms
  4 giant cockroaches
  7 goblins
  8 hobgoblins
  13 jackals
  3 quokkas
  4 ball pythons
  2 frilled lizards (D:1)
  17 kobolds
  3 rats (D:1)
249 creatures vanquished.

Notes
Turn   | Place    | Note
-------+----------+-------------------------------------------
     0 | D:1      | mezmerelda the Troll Berserker began the quest for the Orb.
     0 | D:1      | Reached XP level 1. HP: 22/22 MP: 0/0
   153 | D:1      | Reached XP level 2. HP: 29/29 MP: 1/1
   255 | D:1      | Reached ** piety under Trog
   284 | D:1      | Reached XP level 3. HP: 32/37 MP: 2/2
  1138 | D:3      | Found a white marble altar of Elyvilon.
  1181 | D:3      | Noticed an ogre
  1191 | D:3      | Killed an ogre
  1192 | D:3      | Reached XP level 4. HP: 48/48 MP: 3/3
  1192 | D:3      | Reached XP level 5. HP: 54/54 MP: 4/4
  1228 | D:3      | Noticed Natasha
  1238 | D:3      | Killed Natasha
  1311 | D:3      | Noticed a water moccasin
  1318 | D:3      | Killed a water moccasin
  1319 | D:3      | Reached skill level 5 in Unarmed Combat
  1319 | D:3      | Reached XP level 6. HP: 62/62 MP: 5/5
  1782 | D:3      | Noticed Natasha
  1787 | D:3      | Killed Natasha
  1954 | D:3      | Reached *** piety under Trog
  2257 | D:3      | Found a white marble altar of Elyvilon.
  2305 | D:3      | Noticed Natasha
  2313 | D:3      | Killed Natasha
  2337 | D:4      | Found a large runed translucent door.
  2338 | D:4      | Found a large runed translucent door.
  2370 | D:4      | Found a large runed translucent door.
  2370 | D:4      | Found a large runed translucent door.
  2406 | D:4      | Identified the +10 lajatang "Killer Klown's Curse" {heavy,
                  | rElec Int+3}
  2458 | D:4      | Noticed Ijyb
  2468 | D:4      | Killed Ijyb
  2563 | D:4      | Reached skill level 5 in Fighting
  2563 | D:4      | Reached XP level 7. HP: 72/72 MP: 6/6
  2871 | D:4      | Noticed Blork the orc
  2878 | D:4      | Killed Blork the orc
  2928 | D:4      | Found a staircase to the Ecumenical Temple.
  2937 | Temple   | Entered the Ecumenical Temple
  3242 | D:5      | Entered Level 5 of the Dungeon
  3292 | D:5      | Reached XP level 8. HP: 83/83 MP: 7/7
  3690 | D:5      | Found a snail-covered altar of Cheibriados.
  3693 | D:5      | Found the +6 shillelagh "Devastator" {shatter}
  3696 | D:5      | Identified the +1 storm dragon scales of Zoysorph {*Corrode
                  | +Inv Fly rElec Slay+5}
  4122 | D:6      | Reached **** piety under Trog
  4123 | D:6      | Reached skill level 1 in Evocations
  4139 | D:6      | Reached XP level 9. HP: 93/93 MP: 8/8
  4240 | D:6      | Noticed Maggie
  4247 | Abyss:1  | Cast into level 1 of the Abyss (Maggie)
  4272 | Abyss:1  | Noticed a large abomination
  4398 | Abyss:1  | Noticed a bone dragon
  4413 | Abyss:1  | Noticed a sixfirhy
  4429 | Abyss:1  | Noticed a large abomination
  4447 | Abyss:1  | Noticed a thrashing horror
  4460 | Abyss:1  | Noticed a worldbinder
  4460 | Abyss:1  | Noticed a starcursed mass
  4462 | Abyss:1  | Noticed a naga warrior
  4462 | Abyss:1  | Noticed a black mamba
  4475 | Abyss:1  | Killed a thrashing horror
  4476 | Abyss:1  | Reached skill level 5 in Evocations
  4479 | Abyss:1  | Noticed a black mamba
  4479 | Abyss:1  | Noticed a black mamba
  4481 | Abyss:1  | Noticed a black mamba
  4580 | Abyss:2  | Noticed a sixfirhy
  4585 | Abyss:2  | Noticed a large abomination
  4590 | Abyss:2  | Killed a large abomination
  4593 | D:6      | Escaped the Abyss
  4598 | D:6      | Killed Maggie
  4673 | D:6      | Found a burning altar of Makhleb.
  4706 | D:6      | Found a shadowy altar of Dithmenos.
  5445 | D:7      | Reached XP level 10. HP: 104/104 MP: 9/9
  5925 | D:7      | Noticed Menkaure
  5934 | D:7      | Killed Menkaure
  5935 | D:7      | Reached skill level 10 in Unarmed Combat
  6329 | D:8      | Reached skill level 1 in Armour
  6551 | D:8      | Noticed a two-headed ogre
  6584 | D:8      | Killed a two-headed ogre
  6734 | D:8      | Found a staircase to the Lair.
  7404 | D:9      | Reached ***** piety under Trog
  7505 | D:9      | Reached XP level 11. HP: 117/117 MP: 10/10
  7630 | D:9      | Found a staircase to the Orcish Mines.
  7660 | Orc:1    | Entered Level 1 of the Orcish Mines
  7660 | Orc:1    | Noticed an orc sorcerer
  7671 | D:9      | Reached skill level 5 in Armour
  7692 | Orc:1    | Killed an orc sorcerer
  7693 | Orc:1    | Reached skill level 10 in Fighting
  7741 | Orc:1    | Noticed an orc high priest
  7746 | Orc:1    | Noticed an orc knight
  7747 | Orc:1    | Noticed a soul eater
  7751 | Orc:1    | Killed an orc high priest
  7832 | D:9      | Killed an orc knight
  8140 | Orc:1    | Found Yblir's General Store.
  8356 | Orc:2    | Entered Level 2 of the Orcish Mines
  8485 | Orc:2    | Noticed an orc sorcerer
  8513 | Orc:2    | Killed an orc sorcerer
  8556 | Orc:2    | Noticed an orc knight
  8578 | Orc:2    | Noticed an orc knight
  8579 | Orc:2    | Killed an orc knight
  8580 | Orc:2    | Noticed an orc warlord
  8585 | Orc:2    | Killed an orc knight
  8591 | Orc:2    | Mangled by an orc warlord

Illustrated notes

Levels and vault maps discovered:
D:1:      minmay_arrival_arboretum_small, layout_rooms
D:2:      layout_loops_cross
D:3:      layout_loops_corners, mainiacjoe_overflow_tiny_flanked, uniq_natasha
D:4:      layout_loops_ring, minmay_temple_entry_grid,
          minmay_hollow_rounded_squares, uniq_blork_the_orc, uniq_ijyb
D:5:      layout_layer_cave, cheibriados_altar_1
D:6:      layout_layer_cave, makhleb_heckhound_becter,
          grunt_dithmenos_smoke_and_mirrors, uniq_maggie
D:7:      layout_basic, uniq_menkaure
D:8:      minmay_inner_zag, layout_basic, erik_lair_island, grunt_ministairs_7
D:9:      layout_basic, david_orc_3, minmay_crystal_water
Temple:   eino_temple_scatter_basement
Orc:1:    layout_caves, serial_shops, shop, basic_altar
Orc:2:    grunt_orc_gardens, layout_diamond_mine, grunt_orc_garden,
          grunt_orc_garden, grunt_orc_garden, grunt_orc_garden,
          hangedman_minor_magic

Skill      XL: |  1  2  3  4  5  6  7  8  9 10 11 |
---------------+----------------------------------+-----
Fighting       | 3 4 5 6 7 8 9 10 | 10.9
Unarmed Combat | 4 5 6 7 8 9 10 | 10.0
Evocations     | 1 5 |  5.0
Armour         | 4 6 |  6.9
Dodging        | |  2.4

Action                     |  1- 3 |  4- 6 |  7- 9 | 10-12 || total
---------------------------+-------+-------+-------+-------++-------
  Melee: Unarmed           |    92 |    94 |   167 |   334 ||   687
         Punch             |       |       |     8 |    11 ||    19
  Throw: Throwing net      |       |       |       |     2 ||     2
 Invoke: Berserk           |     1 |     1 |     5 |     9 ||    16
    Use: Scroll            |       |     4 |     1 |     1 ||     6
         Potion            |       |       |     3 |       ||     3
   Stab: Sleeping          |       |     2 |       |       ||     2
 Armour: Animal skin       |    47 |    71 |    50 |       ||   168
         Storm dragon scal |       |       |    70 |    29 ||    99
         Fire dragon scale |       |       |     9 |   275 ||   284
  Dodge: Dodged            |    39 |    42 |    57 |   111 ||   249
